 Dungeon Crawl Stone Soup version 0.20-a0-537-g052e6ba (webtiles) character file.

1925 Alarkh the Cleaver (level 8, -2/88 HPs)
             Began as a Demonspawn Chaos Knight on Jan 28, 2017.
             Slain by Pikel
             ... wielding a +2 whip of electrocution
              (4 damage)
             ... on level 7 of the Dungeon.
             The game lasted 00:08:07 (6422 turns).

Alarkh the Cleaver (Demonspawn Chaos Knight)        Turns: 6422, Time: 00:08:08

Health: -2/88      AC:  9    Str: 19    XL:     8   Next: 96%
Magic:  8/8        EV: 12    Int: 15    God:    Xom [*.....]
Gold:   216        SH:  0    Dex: 15    Spells: 7/7 levels left

rFire    + . .     SeeInvis .   a - +0 broad axe
rCold    . . .     Gourm    +   b - +2 leather armour
rNeg     . . .     Faith    .   (no shield)
rPois    .         Spirit   .   (no helmet)
rElec    .         Reflect  .   (no cloak)
rCorr    .         Harm     .   u - +2 pair of gloves {Dex+3}
MR       .....                  s - +0 pair of boots
Stlth    ..........             n - amulet of the gourmand
Regen    0.3/turn               d - ring of protection from fire
                                h - ring of stealth

@: berserking, very quick
A: claws 2, demonic guardian 1, sturdy frame 1
a: Renounce Religion


You were on level 7 of the Dungeon.
You worshipped Xom.
You were a special plaything of Xom.
You were completely stuffed.

You visited 1 branch of the dungeon, and saw 7 of its levels.

You collected 216 gold pieces.

Inventory:

Hand Weapons
 a - a +0 broad axe (weapon)
 F - a +0 hand axe of chaos
Armour
 b - a +2 leather armour (worn)
 s - a +0 pair of boots (worn)
 u - a +2 pair of gloves of dexterity (worn)
Jewellery
 d - a ring of protection from fire (right hand)
 h - a ring of stealth (left hand)
 n - an amulet of the gourmand (around neck)
 M - an uncursed ring of fire
Wands
 q - a wand of iceblast (6/15)
 w - a wand of random effects (22/48)
 x - a wand of lightning (10/15)
 J - a wand of lightning (8/15)
Scrolls
 e - 2 scrolls of identify
 f - 2 scrolls of recharging
 j - 2 scrolls of random uselessness {unknown}
 m - 2 scrolls of immolation {unknown}
 o - 2 scrolls of remove curse {unknown}
 p - 2 scrolls of noise {unknown}
 t - 3 scrolls of magic mapping
 y - a scroll of teleportation
 z - a scroll of enchant weapon {unknown}
 C - a scroll of fog {unknown}
 K - a scroll of fear {unknown}
Potions
 g - 2 potions of agility
 k - 2 potions of flight
 r - 2 potions of magic
 v - 3 potions of haste
 A - a potion of might
 B - 5 potions of curing
 D - 2 potions of cure mutation {unknown}
 I - a potion of heal wounds {unknown}
Books
 l - a book of Cantrips

   Spells                             Type                      Level
   a - Confusing Touch                Hexes                        1
   b - Animate Skeleton               Necromancy                   1
   c - Summon Small Mammal            Summoning                    1
   d - Apportation                    Translocation                1
Comestibles
 c - 4 bread rations
 E - a fruit
 G - a royal jelly
 H - 2 meat rations
 L - 5 chunks of flesh


   Skills:
 + Level 3.6 Fighting
 * Level 10.4 Axes
 + Level 2.5 Armour
 + Level 2.1 Dodging


You had 7 spell levels left.
You didn't know any spells.

Dungeon Overview and Level Annotations

Branches:
Dungeon (7/15)             Temple (0/1) D:5

Altars:
Ashenzari
Hepliaklqana
Makhleb
Okawaru
Uskayaw
Xom

Shops:
D:5 (

Annotations:
D:7 Pikel


Innate Abilities, Weirdness & Mutations

You have very sharp fingernails.
A weak demonic guardian rushes to your aid.
Your movements are slightly less encumbered by armour. (ER -2)


Message History

You are electrocuted!
* * * LOW HITPOINT WARNING * * *
A red film seems to cover your vision as you go berserk!
You feel yourself moving faster!
You feel mighty! Pikel misses you.
You closely miss Pikel.
Pikel is moderately wounded.
Pikel hits you with a whip of electrocution.
* * * LOW HITPOINT WARNING * * *
You hit Pikel but do no damage.
Pikel is moderately wounded.
Your white imp gestures at Pikel.
The puff of frost hits Pikel.
You barely miss Pikel.
Pikel is moderately wounded.
Pikel barely misses you.
Your white imp closely misses Pikel.
You hit Pikel.
Pikel is heavily wounded.
Pikel hits you with a whip of electrocution.
You die...
Xom is highly amused!

#.......#...###.#
..##.##...<..###.####
#...........#.#.. #
###.......#.#.#.#
#####.##....>....#<#.#.#
#[..............5###...#
#.##.#####.#.###ppp.K..#
......#########.#
..##.....@K5.....# ##
###############


You could see Pikel and a friendly white imp.

Vanquished Creatures
  Grinder (D:5)
  Sigmund (D:6)
  Eustachio (D:5)
  Edmund (D:6)
  A sky beast (D:5)
  An ice beast (D:6)
  The ghost of Vidiiot the Skirmisher, an amateur BaWn (D:3)
  2 ogres (D:4)
  2 centaurs
  A centaur skeleton (D:6)
  3 orc priests
  4 hounds
  A jelly (D:6)
  An orc wizard (D:4)
  5 worker ants
  4 hound skeletons
  8 adders
  A white imp (D:5)
  2 oozes (D:1)
  An adder zombie (D:5)
  A worm (D:2)
  3 dart slugs
  3 leopard geckos
  10 orcs
  A bat zombie (D:1)
  4 giant cockroaches
  13 goblins
  5 hobgoblins
  11 jackals
  3 kobolds
  2 quokkas
  4 ball pythons
  A ball python zombie (D:1)
  9 bats
  7 frilled lizards
  A jackal zombie (D:6)
  7 rats
127 creatures vanquished.

Vanquished Creatures (collateral kills)
  An ogre (D:6)
  A slave (D:7)
  A hound (D:4)
  An adder (D:6)
4 creatures vanquished.

Vanquished Creatures (others)
  A centaur (D:6)
1 creature vanquished.

Grand Total: 132 creatures vanquished

Notes
Turn   | Place    | Note
-------+----------+-------------------------------------------
     0 | D:1      | Alarkh the Demonspawn Chaos Knight began the quest for the Orb.
     0 | D:1      | Reached XP level 1. HP: 18/18 MP: 1/1
    43 | D:1      | XOM: divination: detect items
    73 | D:1      | Reached skill level 3 in Axes
   274 | D:1      | Gained mutation: A weak demonic guardian rushes to your aid. [demonic ancestry]
   274 | D:1      | Reached XP level 2. HP: 24/24 MP: 2/2
   380 | D:1      | XOM: divination: magic mapping
   680 | D:1      | Gained mutation: You have sharp fingernails. [demonic ancestry]
   680 | D:1      | Reached XP level 3. HP: 19/29 MP: 3/3
  1205 | D:2      | Reached skill level 4 in Axes
  1287 | D:2      | XOM: medium Conj miscast
  1719 | D:2      | Reached XP level 4. HP: 12/35 MP: 4/4
  2420 | D:3      | Found a hazy altar of Hepliaklqana.
  2494 | D:3      | XOM: cast spell 'Ring of Flames'
  2587 | D:3      | Noticed Vidiiot's ghost (amateur BaWn)
  2596 | D:3      | Killed Vidiiot's ghost
  2596 | D:3      | Reached skill level 5 in Axes
  2596 | D:3      | Reached XP level 5. HP: 26/41 MP: 5/5
  2935 | D:3      | Found a hide-covered altar of Uskayaw.
  2942 | D:3      | Found an iron altar of Okawaru.
  3038 | D:4      | Reached skill level 6 in Axes
  3084 | D:4      | Noticed an ogre
  3086 | D:4      | Found an iron altar of Okawaru.
  3105 | D:4      | Gained mutation: Your movements are slightly less encumbered by armour. (ER -2) [demonic ancestry]
  3105 | D:4      | Reached XP level 6. HP: 8/47 MP: 6/6
  3108 | D:4      | XOM: god gift: pair of embroidered gloves {god gift}
  3676 | D:4      | Reached skill level 7 in Axes
  3732 | D:4      | XOM: scenery: create altars
  3739 | D:4      | Gained mutation: You have very sharp fingernails. [demonic ancestry]
  3739 | D:4      | Reached XP level 7. HP: 52/52 MP: 7/7
  3948 | D:4      | Found a burning altar of Makhleb.
  3969 | D:4      | XOM: cloud trail
  4060 | D:4      | XOM: god gift: 2 scrolls labeled PIFIAN QIJUA {god gift}
  4115 | D:5      | Entered Level 5 of the Dungeon
  4186 | D:5      | XOM: destruction
  4191 | D:5      | XOM: fog
  4271 | D:5      | Found a shattered altar of Ashenzari.
  4294 | D:5      | Reached skill level 8 in Axes
  4297 | D:5      | Found a staircase to the Ecumenical Temple.
  4417 | D:5      | XOM: enchant monster (good)
  4573 | D:5      | XOM: polymorph crimson imp -> white imp
  4608 | D:5      | Found Hurruro's Antique Weapon Shop.
  4668 | D:5      | Noticed Eustachio
  4684 | D:5      | Killed Eustachio
  5200 | D:6      | Noticed Grinder
  5221 | D:5      | HP: 1/52 [Grinder (2)]
  5223 | D:5      | Killed Grinder
  5223 | D:5      | Reached skill level 9 in Axes
  5223 | D:5      | Reached XP level 8. HP: 1/58 MP: 8/8
  5492 | D:6      | XOM: divine lightning (protected)
  5515 | D:6      | XOM: god gift: wand of lightning (?/15) {god gift}
  5607 | D:5      | XOM is BORED!
  5771 | D:6      | Noticed Sigmund
  5789 | D:6      | Killed Sigmund
  5789 | D:6      | Reached skill level 10 in Axes
  5836 | D:6      | Reached skill level 1 in Dodging
  5885 | D:6      | Noticed Edmund
  5897 | D:6      | Killed Edmund
  6195 | D:6      | XOM: cloud trail
  6374 | D:7      | Noticed Pikel
  6377 | D:7      | XOM: enchant monster (good)
  6402 | D:7      | XOM: summons 2 friendly demons
  6419 | D:7      | HP: 2/88 [Pikel/whip of electrocution (5)]
  6422 | D:7      | Slain by Pikel

Vault maps used:
D:1:      saegor_arrival_fortress, st_stairs_6
D:2:      minmay_shallow_snake_nest
D:3:      old_standard_altar, minitemple
D:4:      lemuel_coloured_pillars_altar, first_bread, okawaru_trees_2
D:5:      old_standard_altar, minmay_temple_entry_glass, serial_shops,
          kennysheep_little_box, uniq_eustachio
D:6:      uniq_sigmund, uniq_grinder, uniq_edmund
D:7:      nemelex_xobeh_ov_fountains_minmay, uniq_pikel

Skill      XL: |  1  2  3  4  5  6  7  8 |
---------------+-------------------------+-----
Axes           | 3 4 5 6 7 9 10 | 10.4
Dodging        | 2 |  2.1
Armour         | 2 |  2.5
Fighting       | |  3.6

Action                   |  1- 3 |  4- 6 |  7- 9 || total
-------------------------+-------+-------+-------++-------
Melee: Hand axe          |   135 |   167 |   124 ||   426
       Broad axe         |       |       |    98 ||    98
  Use: Scroll            |     2 |     4 |     3 ||     9
       Potion            |       |     1 |     1 ||     2
 Stab: Sleeping          |     5 |    11 |     4 ||    20
       Distracted        |     1 |       |     1 ||     2
       Confused          |     1 |       |       ||     1
       Paralysed         |       |     2 |     1 ||     3
       Petrifying        |       |       |     1 ||     1
       Petrified         |       |       |     1 ||     1
  Eat: Chunk             |     3 |    17 |     9 ||    29
Armor: Leather armour    |    54 |    45 |    65 ||   164
Dodge: Dodged            |    68 |    65 |   124 ||   257
